[Event "FAI-ch Candidates 2022"]
[Site "Eidi"]
[Date "2022.04.14"]
[Round "6.1"]
[White "Gregersen, Hedin"]
[Black "Jacobsen, Heidrikur T."]
[Result "1-0"]
[ECO "A04"]
[WhiteElo "1859"]
[BlackElo "1853"]
[Annotator "NA RC"]
[PlyCount "81"]
[EventDate "2022.04.10"]
[EventType "tourn"]
[EventCountry "FAI"]
[SourceTitle "playchess.com"]
[Source "ChessBase"]
[SourceQuality "1"]
[TimeControl "40/5400+30:1800+30"]

1. Nf3 d6 2. g3 Nc6 3. Bg2 e5 4. O-O Be7 5. d4 e4 6. Nfd2 $11 f5 7. d5 Ne5 8. f3 exf3 9. Nxf3 Nxf3+ 10. Bxf3 Nf6 11. c4 O-O 12. Bf4 Ne4 13. Nd2 g5 14. Be3 Nxd2 15. Qxd2 Bf6 16. Rf2 Qe7 17. Raf1 Bd7 18. b4 a5 19. bxa5 Rfe8 20. Bd4 Bxd4 21. Qxd4 Qe3 22. Qb2 Rxa5 23. Qxb7 Ra7 24. Qb2 Qe5 25. Qb3 Rea8 26. e3 Ra3 27. Qb7 R3a7 28. Qb3 Ra3 29. Qb7 R8a7 30. Qb1 Be8 31. e4 f4 32. gxf4 gxf4 33. Bg4 h5 34. Be6+ Kh7 35. Kh1 Bg6 36. Bf5 Bxf5 37. exf5 Kg7 38. f6+ Kf8 39. Qg6 Rxa2 40. Qg7+ Ke8 41. f7+ 1-0

[Event "FAI-ch Candidates 2022"]
[Site "Eidi"]
[Date "2022.04.14"]
[Round "6.2"]
[White "Hansen, Herluf"]
[Black "Berg, Margar M."]
[Result "1-0"]
[ECO "B00"]
[WhiteElo "1982"]
[BlackElo "2005"]
[Annotator "NA RC"]
[PlyCount "111"]
[EventDate "2022.04.10"]
[EventType "tourn"]
[EventCountry "FAI"]
[SourceTitle "playchess.com"]
[Source "ChessBase"]
[SourceQuality "1"]
[TimeControl "40/5400+30:1800+30"]

1. d4 b6 2. Nc3 e6 3. a3 Bb7 4. e4 d5 5. exd5 exd5 6. Nf3 Nf6 7. Bd3 Be7 8. O-O O-O 9. Re1 c5 10. h3 Nc6 11. Be3 ({White should play} 11. Bg5 $14) 11... a6 $11 (11... c4 $142 $1 12. Be2 Qd6) 12. Bf1 Qc7 13. g3 Bd6 14. Bg2 Ne7 15. Ne2 Ng6 16. c3 Ne4 17. Nd2 f5 18. f4 h5 19. Nxe4 fxe4 20. Rf1 Ne7 21. g4 hxg4 22. hxg4 Ng6 23. f5 Nh4 24. Bf4 Rae8 25. Qe1 Nxg2 26. Kxg2 e3 27. Qh4 Bxf4 28. Nxf4 e2 29. Rf3 cxd4 30. cxd4 Qc2 31. Re1 Qd2 32. Qf2 Re4 33. Rxe2 Qxd4 34. Qxd4 Rxd4 35. Re7 Rb8 36. Rxg7+ Kxg7 37. Ne6+ Kf6 38. Nxd4 Rc8 39. Kg3 Rc4 40. Rf4 b5 41. Ne6 Ke5 42. Rf2 d4 43. f6 Kxe6 44. f7 Rc8 45. f8=Q Rxf8 46. Rxf8 Be4 47. Kf4 Bc2 48. g5 Kd5 49. Rc8 Bg6 50. b4 Bd3 51. Rd8+ Kc4 52. Ke5 Kb3 53. Kxd4 Bb1 54. Kc5 Kxa3 55. Ra8 Kb3 56. Rxa6 1-0

[Event "FAI-ch Candidates 2022"]
[Site "Eidi"]
[Date "2022.04.14"]
[Round "6.3"]
[White "Danielsen, Andrias"]
[Black "Nielsen, Jon I Horni"]
[Result "1/2-1/2"]
[ECO "E12"]
[WhiteElo "1893"]
[BlackElo "1923"]
[Annotator "TA"]
[PlyCount "62"]
[EventDate "2022.04.10"]
[EventType "tourn"]
[EventCountry "FAI"]
[SourceTitle "playchess.com"]
[Source "ChessBase"]
[SourceQuality "1"]
[TimeControl "40/5400+30:1800+30"]

1. d4 Nf6 2. c4 e6 3. Nc3 b6 4. Nf3 Bb4 5. Bg5 Bb7 6. a3 Bxc3+ {[%emt 0:00:47] E12: Queen's Indian: Unusual White 4th moves, 4 a3, 4 Nc3 Bb7 5 a3 and 4 Nc3 Bb7 .} 7. bxc3 d5 8. e3 O-O {[%emt 0:00:24] The position is equal.} 9. Bd3 dxc4 10. Bxc4 Nbd7 11. O-O c5 {[%emt 0:05:10] [#]} 12. Qe2 $146 ({Predecessor:} 12. Be2 Qc7 13. Rc1 Rac8 14. h3 Rfe8 15. Bf4 Qc6 16. Ne1 e5 17. Bh2 e4 18. a4 {1-0 (81) Ravlusevic,E (1781)-Duson,R (1990) Tornelo INT 2020}) 12... Qc7 13. Bf4 Qc6 14. Bb5 {[%emt 0:18:00] This bishop pair is nice.} Qe4 15. Bd3 Qd5 (15... Qc6 $11) 16. Bc4 (16. Rae1 $14) 16... Qe4 (16... Qc6 $11) 17. Bd3 Qd5 18. Bc4 (18. Rae1 $14) 18... Qh5 19. Ne5 {[%emt 0:03:51] [#] And now Nxd7 would win.} Qxe2 20. Bxe2 Rac8 (20... Nxe5 $11 21. Bxe5 Ne4) 21. Rfc1 Rfd8 22. h3 Nd5 23. Bg3 Nxe5 24. Bxe5 f6 25. Bg3 cxd4 26. cxd4 Rxc1+ 27. Rxc1 {[%emt 0:00:10] [#] Black must now prevent e4.} Rc8 28. Rxc8+ Bxc8 29. Kf1 Nc3 30. Bd3 Bd7 31. Ke1 Kf7 {[%emt 0:06:31] Weighted Error Value: White=0.16 (very precise) /Black=0.14 (very precise)} (31... Nb5 $14) 1/2-1/2

[Event "FAI-ch Candidates 2022"]
[Site "Eidi"]
[Date "2022.04.14"]
[Round "6.4"]
[White "Skaale, Janus"]
[Black "Hansen Eliasen, Bogi"]
[Result "1-0"]
[ECO "B32"]
[WhiteElo "1883"]
[BlackElo "1841"]
[Annotator "NA RC"]
[PlyCount "71"]
[EventDate "2022.04.10"]
[EventType "tourn"]
[EventCountry "FAI"]
[SourceTitle "playchess.com"]
[Source "ChessBase"]
[SourceQuality "1"]
[TimeControl "40/5400+30:1800+30"]

1. e4 c5 2. Nf3 Nc6 3. d4 cxd4 4. Nxd4 e5 5. Nb5 d6 6. N1c3 a6 7. Na3 $11 Be6 8. Nc4 Be7 9. Ne3 Nf6 10. Ned5 Bxd5 11. exd5 Nb8 12. Be2 O-O 13. O-O Nfd7 14. Na4 f5 15. c4 Nf6 16. b4 b6 17. Nc3 Nbd7 18. Bb2 Qe8 19. a4 a5 20. Nb5 Qc8 21. Ba3 axb4 22. Bxb4 Nc5 23. a5 Nfd7 24. Qc2 bxa5 25. Bxa5 Na6 26. Rfb1 Ndc5 27. Bb6 Qd7 28. Ra2 e4 29. Bxc5 dxc5 30. Qd2 Nc7 31. Rxa8 Rxa8 32. d6 Nxb5 33. Qd5+ Kf8 34. Qxa8+ Kf7 35. dxe7 Nc3 36. Qf8+ 1-0

[Event "FAI-ch Candidates 2022"]
[Site "Eidi"]
[Date "2022.04.15"]
[Round "7.1"]
[White "Hansen Eliasen, Bogi"]
[Black "Gregersen, Hedin"]
[Result "0-1"]
[ECO "E70"]
[WhiteElo "1841"]
[BlackElo "1859"]
[Annotator "NA RC"]
[PlyCount "62"]
[EventDate "2022.04.10"]
[EventType "tourn"]
[EventCountry "FAI"]
[SourceTitle "playchess.com"]
[Source "ChessBase"]
[SourceQuality "1"]
[TimeControl "40/5400+30:1800+30"]

1. d4 Nf6 2. c4 g6 3. Nc3 Bg7 4. e4 d6 5. Bd3 O-O 6. Nge2 Nc6 7. O-O Nd7 8. Be3 e5 9. d5 Nd4 10. f4 (10. Bb1 $14) 10... Nxe2+ 11. Bxe2 exf4 12. Bxf4 g5 (12... Nc5 $142) 13. Be3 Ne5 (13... Bxc3 $11 14. bxc3 Qe7) 14. c5 f5 $14 15. cxd6 cxd6 16. exf5 Bxf5 17. Nb5 Qe7 18. Qc1 h6 19. Qc7 Nd7 20. Rf3 g4 21. Rg3 Be5 22. Rxg4+ Bxg4 23. Bxg4 Rad8 24. Bxh6 Qh4 25. Bxf8 Rxf8 26. Bf3 Bxh2+ 27. Kf1 Ne5 28. Ke2 Qb4 29. Rh1 Qxb5+ 30. Kd1 Qd3+ 31. Kc1 Bf4# 0-1

[Event "FAI-ch Candidates 2022"]
[Site "Eidi"]
[Date "2022.04.15"]
[Round "7.2"]
[White "Nielsen, Jon I Horni"]
[Black "Skaale, Janus"]
[Result "1-0"]
[ECO "B76"]
[WhiteElo "1923"]
[BlackElo "1883"]
[Annotator "RC"]
[PlyCount "77"]
[EventDate "2022.04.10"]
[EventType "tourn"]
[EventCountry "FAI"]
[SourceTitle "playchess.com"]
[Source "ChessBase"]
[SourceQuality "1"]
[TimeControl "40/5400+30:1800+30"]

1. e4 c5 2. Nf3 d6 3. d4 cxd4 4. Nxd4 Nf6 5. Nc3 g6 6. Be3 Bg7 7. f3 O-O 8. Qd2 Nc6 9. O-O-O d5 10. Nxc6 bxc6 11. exd5 cxd5 12. Bd4 Qa5 13. g4 Rd8 14. h4 Bb7 15. Be2 e5 16. Bxe5 d4 17. Bxf6 dxc3 18. Qxc3 Qxa2 19. b3 Rdc8 20. Qb2 Qxb2+ 21. Bxb2 Re8 22. Rde1 Rxe2 23. Rxe2 Bxf3 24. Rhe1 Bxe2 25. Rxe2 Rd8 26. c4 Bxb2+ 27. Kxb2 Rd4 28. c5 Kf8 29. Kc3 Rd7 30. Kc4 f5 31. gxf5 gxf5 32. c6 Re7 33. Rf2 Rf7 34. Rxf5 Rxf5 35. c7 Rf4+ 36. Kd3 Rf3+ 37. Kd4 Rf4+ 38. Ke5 Rc4 39. bxc4 1-0

[Event "FAI-ch Candidates 2022"]
[Site "Eidi"]
[Date "2022.04.15"]
[Round "7.3"]
[White "Berg, Margar M."]
[Black "Danielsen, Andrias"]
[Result "0-1"]
[ECO "A16"]
[WhiteElo "2005"]
[BlackElo "1893"]
[Annotator "NA RC"]
[PlyCount "80"]
[EventDate "2022.04.10"]
[EventType "tourn"]
[EventCountry "FAI"]
[SourceTitle "playchess.com"]
[Source "ChessBase"]
[SourceQuality "1"]
[TimeControl "40/5400+30:1800+30"]

1. g3 Nf6 2. Bg2 d5 3. Nf3 g6 4. O-O Bg7 5. c4 c6 6. cxd5 cxd5 7. d3 (7. d4 $142) 7... O-O 8. Nc3 Nc6 9. Bg5 h6 10. Bf4 (10. Bxf6 $5 Bxf6 11. Rc1 $11) 10... g5 11. Bd2 e5 12. e4 $11 d4 13. Nd5 Nxd5 14. exd5 Qxd5 15. Nxg5 Qb5 16. Ne4 Qxd3 17. f4 f5 18. Nf2 Qb5 19. fxe5 Nxe5 20. Qh5 Qb6 21. Rae1 Bd7 22. Rxe5 Bxe5 23. Bxh6 Bg7 24. Bd5+ Kh7 25. Bf4+ Bh6 26. Nh3 Rae8 27. Ng5+ Kg7 28. Nf7 Bxf4 29. Rxf4 Qg6 30. Qxg6+ Kxg6 31. Nd6 Re2 32. Rxd4 Rxb2 33. Nc4 Rb1+ 34. Kg2 Bc8 35. Ne5+ Kf6 36. Nf3 Rb2+ 37. Kg1 Re8 38. h4 Ree2 39. Kf1 Be6 40. Ng1 Rec2 0-1

[Event "FAI-ch Candidates 2022"]
[Site "Eidi"]
[Date "2022.04.15"]
[Round "7.4"]
[White "Jacobsen, Heidrikur T."]
[Black "Hansen, Herluf"]
[Result "0-1"]
[ECO "E27"]
[WhiteElo "1853"]
[BlackElo "1982"]
[Annotator "NA RC"]
[PlyCount "74"]
[EventDate "2022.04.10"]
[EventType "tourn"]
[EventCountry "FAI"]
[SourceTitle "playchess.com"]
[Source "ChessBase"]
[SourceQuality "1"]
[TimeControl "40/5400+30:1800+30"]

1. d4 Nf6 2. c4 e6 3. Nc3 Bb4 4. a3 Bxc3+ 5. bxc3 O-O 6. Bg5 d6 7. Nf3 Nbd7 8. e4 e5 9. Bd3 Re8 10. O-O h6 11. Bxf6 Qxf6 12. Ra2 Nf8 13. d5 Ng6 14. Ne1 Nf4 $15 15. f3 Qg6 16. Kh1 f5 17. g3 Nh3 18. exf5 Bxf5 19. Bxf5 Qxf5 20. Ng2 Rf8 21. Ne3 Qh5 22. Rg2 Rae8 23. Qe2 Kh8 24. Ng4 b6 25. Qe4 Rf7 26. Ne3 Ng5 27. g4 Nxe4 28. gxh5 Nf6 29. Rfg1 Nxh5 30. Rg6 Nf4 31. R6g4 Ne2 32. R1g2 Nxc3 33. Rg6 Ref8 34. Re6 Rxf3 35. Re7 Rxe3 36. Rgxg7 Re1+ 37. Kg2 Rg8 0-1